Connexion

Wolf Pack vs Moose

Created - 28 janvier 2024 at 05:53

Goals
1 2 3 T
Wolf Pack 1 1 2 4
Moose 3 2 2 7
Shots
1 2 3 T
Wolf Pack 6 7 9 22
Moose 17 18 13 48

GoalsPenalties
1st period
1. Moose , Mathieu Olivier 15 (Damien Giroux 30, Derrick Pouliot 34) at 0:22
2. Moose , Jake Virtanen 44 (Fredrik Claesson 37) at 2:16
3. Wolf Pack , Matt Donovan 8 (Dave Gust 28, Zac Dalpe 32) at 15:15 (SH)
4. Moose , Fredrik Claesson 12 (Thomas Hickey 26, Jake Virtanen 51) at 16:59 (PP)
Daniel Walcott (HAR) for High sticking (Minor) at 15:01
2nd period
5. Moose , Nikita Scherbak 27 (Mathieu Olivier 20, Wyatte Wylie 13) at 3:51
6. Wolf Pack , Joe Thornton 24 (Michael Kapla 17) at 6:09
7. Moose , Remi Elie 13 (Tyler Steenbergen 10, Jordan Martinook 11) at 14:37
Luke Witkowski (HAR) for Cross-checking (Minor) at 16:30
3rd period
8. Wolf Pack , Matt Donovan 9 (Tyler Wotherspoon 24) at 0:12
9. Moose , Remi Elie 14 (Tyler Steenbergen 11, Jordan Martinook 12) at 7:20
10. Moose , Nikita Scherbak 28 (Mathieu Olivier 21, Derrick Pouliot 35) at 10:50 (PP)
11. Wolf Pack , Santerri Saari 1 (Joe Thornton 32) at 12:47 (PP)
Kyle Wood (HAR) for High sticking (Minor) at 5:00
Daniel Walcott (HAR) for Slashing (Minor) at 9:30
Fredrik Claesson (MAN) for Unsportsmanlike conduct (Minor) at 12:45
Goalie Stats
Mads Sogaard (HAR), 41 saves from 48 shots - (0,854), L, 20-23-4, 60:00 minutes
Josef Korenar (MAN), 18 saves from 22 shots - (0,818), W, 1-2-1, 60:00 minutes
3 StarsOfficial
1 - Mathieu Olivier (MAN)
2 - Remi Elie (MAN)
3 - Nikita Scherbak (MAN)
Referees : Chris Lee and Eric Furlatt
Linesman : Pierre Racicot and Brad Lazarowich
Game Note
No Game Note
Finance
Level 1 -- Attendance: 1746 (87,30%) -- Ticket Income $61,110
Level 2 -- Attendance: 1000 (100,00%) -- Ticket Income $15,000
Total Attendance: 2746 (91,53%)
Total Ticket Income: $76,110
Other Income: $15,222
Total Income: $91,332



Team Name Goals Shots Shots Attemp Shots Blocked PIM HIT PP PK FO%
Wolf Pack 42238148291 / 1 (100%)248%
Moose 7488232312 / 4 (50%)152%

Wolf Pack
Player Name POS G A P +/- PIM HIT SHT SB MP PP MP PP SHT PK MP PK SHT FO% FOT
Brad RichardsonC/LW/RW000-1010020:470:0002:26033% 3
Cole BardreauC/RW000-2012011:220:0000:00036% 11
Daniel WalcottD000-2470118:510:0201:3600% 0
Dave GustRW0110000122:570:0004:3600% 0
Emile PoirierLW/RW000004006:020:0000:0100% 0
Henri IkonenC/LW000-2002011:220:0000:00050% 2
Jeremy BraccoLW/RW0000002017:000:0200:0000% 0
Joe ThorntonC1120002017:000:0200:00062% 21
Kyle WoodD000-1230216:590:0001:3300% 0
Luke WitkowskiRW0000243018:340:0201:3500% 0
Matt DonovanD2021032024:070:0004:0710% 0
Michael KaplaD011-1002115:270:0000:0000% 0
Nick LappinC/RW000-2000011:220:0000:0000% 0
Santerri SaariD101-2001420:260:0213:0900% 0
Shane BowersC/RW000001007:110:0001:10042% 12
Ty RonningRW000001106:010:0000:000100% 1
Tyler WotherspoonD0111032324:070:0004:0700% 0
Zac Dalpe C/LW/RW0110013223:050:0004:44046% 41
Moose
Player Name POS G A P +/- PIM HIT SHT SB MP PP MP PP SHT PK MP PK SHT FO% FOT
Alec RegulaD0003011016:000:0000:0000% 0
Anthony RichardC/LW000000005:440:0000:00057% 7
Cameron SchillingD000-1040020:383:3300:0200% 0
Damien GirouxC/LW0111016020:203:2820:00038% 29
Derrick PouliotD022-1033220:383:3320:0200% 0
Fredrik ClaessonD1120203023:213:4330:0000% 0
Isaac RatcliffeLW000001205:440:0000:0000% 1
Jacob NilssonC/LW000-1000019:143:4800:00059% 32
Jake VirtanenRW112-1086025:003:4810:02050% 2
Jordan MartinookC/LW0222044014:400:0000:00067% 15
Mathieu OlivierLW/RW1231065020:203:2810:0000% 1
Nikita ScherbakLW/RW2021025020:203:2820:000100% 1
Patrick MaroonLW000000000:000:0000:0000% 0
Pierre EngvallLW/RW000-1005119:163:4820:020100% 1
Remi ElieLW2022005014:400:0000:0000% 0
Thomas Hickey D0110000023:223:4300:0000% 0
Tyler SteenbergenC/LW/RW0222003014:400:0000:0000% 2
Wyatte WylieD0113010016:000:0000:0000% 0



Play-by-Play

1st period


0:01 of 1st period - Zac Dalpe wins face-off versus Jacob Nilsson in neutral zone.
0:06 of 1st period - Shot by Tyler Wotherspoon.
0:06 of 1st period - Stopped by Josef Korenar without a rebound.
0:07 of 1st period - Joe Thornton wins face-off versus Damien Giroux in Moose zone.
0:07 of 1st period - Daniel Walcott is hit by Derrick Pouliot and loses puck.
0:20 of 1st period - Shot by Damien Giroux.
0:20 of 1st period - Stopped by Mads Sogaard with a rebound.
0:22 of 1st period - Shot by Mathieu Olivier.
0:22 of 1st period - Goal by Mathieu Olivier - Wolf Pack : 0 - Moose : 1.
0:23 of 1st period - Jordan Martinook wins face-off versus Cole Bardreau in neutral zone.
0:23 of 1st period - Jordan Martinook is hit by Cole Bardreau.
0:28 of 1st period - Shot by Remi Elie.
0:28 of 1st period - Deflect By Tyler Steenbergen.
0:28 of 1st period - Stopped by Mads Sogaard with a rebound.
0:30 of 1st period - Shot by Wyatte Wylie.
0:30 of 1st period - Shot Misses the Net.
0:32 of 1st period - Shot by Alec Regula.
0:32 of 1st period - Stopped by Mads Sogaard with a rebound.
0:34 of 1st period - Shot by Remi Elie.
0:34 of 1st period - Shot Blocked by Kyle Wood.
2:13 of 1st period - Jake Virtanen is hit by Matt Donovan and loses puck.
2:16 of 1st period - Shot by Jake Virtanen.
2:16 of 1st period - Goal by Jake Virtanen - Wolf Pack : 0 - Moose : 2.
2:17 of 1st period - Joe Thornton wins face-off versus Damien Giroux in neutral zone.
2:38 of 1st period - Shot by Mathieu Olivier.
2:38 of 1st period - Shot Misses the Net.
3:07 of 1st period - Icing by Luke Witkowski.
3:08 of 1st period - Joe Thornton wins face-off versus Jacob Nilsson in Wolf Pack zone.
3:18 of 1st period - Icing by Jacob Nilsson.
3:19 of 1st period - Jacob Nilsson wins face-off versus Shane Bowers in Moose zone.
3:19 of 1st period - Jacob Nilsson is hit by Emile Poirier.
3:42 of 1st period - Pierre Engvall is hit by Tyler Wotherspoon and loses puck.
3:55 of 1st period - Pierre Engvall is hit by Ty Ronning and loses puck.
5:06 of 1st period - Zac Dalpe is hit by Mathieu Olivier.
6:20 of 1st period - Santerri Saari is hit by Jake Virtanen and loses puck.
6:46 of 1st period - Shot by Jake Virtanen.
6:46 of 1st period - Stopped by Mads Sogaard without a rebound.
6:47 of 1st period - Jordan Martinook wins face-off versus Shane Bowers in Wolf Pack zone.
7:17 of 1st period - Shot by Tyler Steenbergen.
7:17 of 1st period - Stopped by Mads Sogaard without a rebound.
7:18 of 1st period - Damien Giroux wins face-off versus Zac Dalpe in Wolf Pack zone.
7:49 of 1st period - Shot by Nikita Scherbak.
7:49 of 1st period - Stopped by Mads Sogaard without a rebound.
7:50 of 1st period - Jordan Martinook wins face-off versus Cole Bardreau in Wolf Pack zone.
7:50 of 1st period - Derrick Pouliot is hit by Daniel Walcott.
8:18 of 1st period - Shot by Remi Elie.
8:18 of 1st period - Deflect By Tyler Steenbergen.
8:18 of 1st period - Shot Blocked by Santerri Saari.
8:51 of 1st period - Shot by Pierre Engvall.
8:51 of 1st period - Stopped by Mads Sogaard with a rebound.
8:53 of 1st period - Shot by Pierre Engvall.
8:53 of 1st period - Stopped by Mads Sogaard with a rebound.
8:55 of 1st period - Shot by Jake Virtanen.
8:55 of 1st period - Shot Misses the Net.
9:27 of 1st period - Shot by Mathieu Olivier.
9:27 of 1st period - Stopped by Mads Sogaard without a rebound.
9:28 of 1st period - Damien Giroux wins face-off versus Zac Dalpe in Wolf Pack zone.
9:45 of 1st period - Shot by Zac Dalpe .
9:45 of 1st period - Shot Misses the Net.
10:05 of 1st period - Shot by Tyler Wotherspoon.
10:05 of 1st period - Shot Misses the Net.
10:43 of 1st period - Shot by Jordan Martinook.
10:43 of 1st period - Stopped by Mads Sogaard without a rebound.
10:44 of 1st period - Jacob Nilsson wins face-off versus Shane Bowers in Wolf Pack zone.
11:01 of 1st period - Off-side.
11:02 of 1st period - Joe Thornton wins face-off versus Anthony Richard in neutral zone.
11:05 of 1st period - Cameron Schilling is hit by Luke Witkowski and loses puck.
11:26 of 1st period - Shot by Anthony Richard.
11:26 of 1st period - Shot Blocked by Tyler Wotherspoon.
12:13 of 1st period - Shot by Zac Dalpe .
12:13 of 1st period - Stopped by Josef Korenar without a rebound.
12:14 of 1st period - Cole Bardreau wins face-off versus Damien Giroux in Moose zone.
12:41 of 1st period - Shot by Damien Giroux.
12:41 of 1st period - Stopped by Mads Sogaard with a rebound.
12:43 of 1st period - Shot by Nikita Scherbak.
12:43 of 1st period - Shot Misses the Net.
13:27 of 1st period - Shot by Zac Dalpe .
13:27 of 1st period - Shot Misses the Net.
13:30 of 1st period - Icing by Wyatte Wylie.
13:31 of 1st period - Jordan Martinook wins face-off versus Joe Thornton in Moose zone.
13:31 of 1st period - Jordan Martinook is hit by Luke Witkowski.
14:48 of 1st period - Shot by Zac Dalpe .
14:48 of 1st period - Stopped by Josef Korenar without a rebound.
14:49 of 1st period - Jacob Nilsson wins face-off versus Shane Bowers in Moose zone.
14:59 of 1st period - Jake Virtanen is hit by Daniel Walcott and loses puck.
15:01 of 1st period - Minor Penalty to Daniel Walcott for High sticking.
15:02 of 1st period - Zac Dalpe wins face-off versus Damien Giroux in Wolf Pack zone.
15:08 of 1st period - Icing by Mathieu Olivier.
15:09 of 1st period - Damien Giroux wins face-off versus Zac Dalpe in Moose zone.
15:11 of 1st period - Icing by Derrick Pouliot.
15:12 of 1st period - Zac Dalpe wins face-off versus Damien Giroux in Moose zone.
15:13 of 1st period - Shot by Dave Gust.
15:13 of 1st period - Shot Misses the Net.
15:15 of 1st period - Shot by Matt Donovan.
15:15 of 1st period - Goal by Matt Donovan - Wolf Pack : 1 - Moose : 2.
15:16 of 1st period - Jacob Nilsson wins face-off versus Zac Dalpe in neutral zone.
15:59 of 1st period - Shot by Fredrik Claesson.
15:59 of 1st period - Stopped by Mads Sogaard without a rebound.
16:00 of 1st period - Zac Dalpe wins face-off versus Damien Giroux in Wolf Pack zone.
16:39 of 1st period - Shot by Damien Giroux.
16:39 of 1st period - Shot Misses the Net.
16:41 of 1st period - Shot by Derrick Pouliot.
16:41 of 1st period - Stopped by Mads Sogaard with a rebound.
16:55 of 1st period - Shot by Thomas Hickey .
16:55 of 1st period - Shot Misses the Net.
16:57 of 1st period - Shot by Fredrik Claesson.
16:57 of 1st period - Shot Misses the Net.
16:59 of 1st period - Shot by Fredrik Claesson.
16:59 of 1st period - Goal by Fredrik Claesson - Wolf Pack : 1 - Moose : 3.
17:00 of 1st period - Shane Bowers wins face-off versus Tyler Steenbergen in neutral zone.
17:10 of 1st period - Remi Elie is hit by Emile Poirier and loses puck.
17:21 of 1st period - Shot by Ty Ronning.
17:21 of 1st period - Stopped by Josef Korenar without a rebound.
17:22 of 1st period - Joe Thornton wins face-off versus Jacob Nilsson in Moose zone.
17:31 of 1st period - Shot by Luke Witkowski.
17:31 of 1st period - Stopped by Josef Korenar without a rebound.
17:32 of 1st period - Jacob Nilsson wins face-off versus Cole Bardreau in Moose zone.
17:56 of 1st period - Jake Virtanen is hit by Tyler Wotherspoon and loses puck.
18:13 of 1st period - Nick Lappin is hit by Jake Virtanen and loses puck.
18:37 of 1st period - Off-side.
18:38 of 1st period - Jordan Martinook wins face-off versus Zac Dalpe in neutral zone.
19:03 of 1st period - Shot by Brad Richardson.
19:03 of 1st period - Shot Misses the Net.
19:41 of 1st period - Michael Kapla is hit by Mathieu Olivier and loses puck.
19:54 of 1st period - Shot by Damien Giroux.
19:54 of 1st period - Stopped by Mads Sogaard without a rebound.
19:55 of 1st period - Ty Ronning wins face-off versus Jacob Nilsson in Wolf Pack zone.
Goals for this period are 1 for Wolf Pack vs 3 for Moose.
Shots for this period are 6 for Wolf Pack vs 17 for Moose.

2nd period


0:01 of 2nd period - Jacob Nilsson wins face-off versus Zac Dalpe in neutral zone.
0:42 of 2nd period - Shot by Pierre Engvall.
0:42 of 2nd period - Shot Misses the Net.
1:05 of 2nd period - Matt Donovan is hit by Cameron Schilling and loses puck.
1:26 of 2nd period - Shot by Luke Witkowski.
1:26 of 2nd period - Stopped by Josef Korenar with a rebound.
1:58 of 2nd period - Icing by Jeremy Bracco.
1:59 of 2nd period - Anthony Richard wins face-off versus Joe Thornton in Wolf Pack zone.
2:05 of 2nd period - Icing by Daniel Walcott.
2:06 of 2nd period - Joe Thornton wins face-off versus Jacob Nilsson in Wolf Pack zone.
2:24 of 2nd period - Jake Virtanen is hit by Emile Poirier and loses puck.
2:28 of 2nd period - Jacob Nilsson is hit by Kyle Wood and loses puck.
2:35 of 2nd period - Shot by Pierre Engvall.
2:35 of 2nd period - Stopped by Mads Sogaard with a rebound.
2:49 of 2nd period - Shot by Jake Virtanen.
2:49 of 2nd period - Stopped by Mads Sogaard with a rebound.
2:56 of 2nd period - Icing by Kyle Wood.
2:57 of 2nd period - Jordan Martinook wins face-off versus Shane Bowers in Wolf Pack zone.
3:01 of 2nd period - Remi Elie is hit by Kyle Wood and loses puck.
3:08 of 2nd period - Shot by Tyler Steenbergen.
3:08 of 2nd period - Stopped by Mads Sogaard without a rebound.
3:09 of 2nd period - Zac Dalpe wins face-off versus Jordan Martinook in Wolf Pack zone.
3:09 of 2nd period - Zac Dalpe is hit by Jordan Martinook.
3:25 of 2nd period - Shot by Remi Elie.
3:25 of 2nd period - Stopped by Mads Sogaard without a rebound.
3:26 of 2nd period - Cole Bardreau wins face-off versus Damien Giroux in Wolf Pack zone.
3:51 of 2nd period - Shot by Nikita Scherbak.
3:51 of 2nd period - Goal by Nikita Scherbak - Wolf Pack : 1 - Moose : 4.
3:52 of 2nd period - Zac Dalpe wins face-off versus Jacob Nilsson in neutral zone.
4:03 of 2nd period - Shot by Zac Dalpe .
4:03 of 2nd period - Stopped by Josef Korenar without a rebound.
4:04 of 2nd period - Anthony Richard wins face-off versus Joe Thornton in Moose zone.
4:19 of 2nd period - Shot by Isaac Ratcliffe.
4:19 of 2nd period - Stopped by Mads Sogaard without a rebound.
4:20 of 2nd period - Zac Dalpe wins face-off versus Damien Giroux in Wolf Pack zone.
4:20 of 2nd period - Zac Dalpe is hit by Mathieu Olivier.
4:36 of 2nd period - Shot by Nikita Scherbak.
4:36 of 2nd period - Stopped by Mads Sogaard without a rebound.
4:37 of 2nd period - Jacob Nilsson wins face-off versus Joe Thornton in Wolf Pack zone.
4:37 of 2nd period - Jacob Nilsson is hit by Daniel Walcott.
5:09 of 2nd period - Shot by Jeremy Bracco.
5:09 of 2nd period - Shot Misses the Net.
5:11 of 2nd period - Shot by Jeremy Bracco.
5:11 of 2nd period - Stopped by Josef Korenar without a rebound.
5:12 of 2nd period - Damien Giroux wins face-off versus Zac Dalpe in Moose zone.
5:19 of 2nd period - Off-side.
5:20 of 2nd period - Zac Dalpe wins face-off versus Damien Giroux in neutral zone.
5:46 of 2nd period - Shot by Mathieu Olivier.
5:46 of 2nd period - Stopped by Mads Sogaard without a rebound.
5:47 of 2nd period - Jacob Nilsson wins face-off versus Joe Thornton in Wolf Pack zone.
6:09 of 2nd period - Shot by Joe Thornton.
6:09 of 2nd period - Goal by Joe Thornton - Wolf Pack : 2 - Moose : 4.
6:10 of 2nd period - Zac Dalpe wins face-off versus Damien Giroux in neutral zone.
7:20 of 2nd period - Shot by Jake Virtanen.
7:20 of 2nd period - Shot Misses the Net.
7:22 of 2nd period - Shot by Jacob Nilsson.
7:22 of 2nd period - Shot Misses the Net.
7:35 of 2nd period - Icing by Daniel Walcott.
7:36 of 2nd period - Jordan Martinook wins face-off versus Joe Thornton in Wolf Pack zone.
7:47 of 2nd period - Remi Elie is hit by Daniel Walcott.
7:48 of 2nd period - Icing by Remi Elie.
7:49 of 2nd period - Jordan Martinook wins face-off versus Cole Bardreau in Moose zone.
8:01 of 2nd period - Cole Bardreau is hit by Alec Regula and loses puck.
8:13 of 2nd period - Shot by Henri Ikonen.
8:13 of 2nd period - Shot Misses the Net.
8:15 of 2nd period - Shot by Cole Bardreau.
8:15 of 2nd period - Stopped by Josef Korenar without a rebound.
8:16 of 2nd period - Zac Dalpe wins face-off versus Jacob Nilsson in Moose zone.
9:21 of 2nd period - Shot by Henri Ikonen.
9:21 of 2nd period - Shot Misses the Net.
9:24 of 2nd period - Icing by Cameron Schilling.
9:25 of 2nd period - Joe Thornton wins face-off versus Damien Giroux in Moose zone.
9:25 of 2nd period - Joe Thornton is hit by Derrick Pouliot.
9:51 of 2nd period - Joe Thornton is hit by Derrick Pouliot and loses puck.
10:18 of 2nd period - Shot by Wyatte Wylie.
10:18 of 2nd period - Shot Blocked by Kyle Wood.
10:29 of 2nd period - Alec Regula is hit by Luke Witkowski and loses puck.
10:44 of 2nd period - Matt Donovan is hit by Jordan Martinook and loses puck.
10:51 of 2nd period - Shot by Jordan Martinook.
10:51 of 2nd period - Stopped by Mads Sogaard without a rebound.
10:52 of 2nd period - Pierre Engvall wins face-off versus Zac Dalpe in Wolf Pack zone.
11:22 of 2nd period - Icing by Santerri Saari.
11:23 of 2nd period - Damien Giroux wins face-off versus Zac Dalpe in Wolf Pack zone.
11:24 of 2nd period - Shot by Nikita Scherbak.
11:24 of 2nd period - Shot Blocked by Santerri Saari.
11:26 of 2nd period - Shot by Cameron Schilling.
11:26 of 2nd period - Deflect By Mathieu Olivier.
11:26 of 2nd period - Stopped by Mads Sogaard with a rebound.
11:42 of 2nd period - Shot by Damien Giroux.
11:42 of 2nd period - Shot Blocked by Santerri Saari.
11:44 of 2nd period - Shot by Derrick Pouliot.
11:44 of 2nd period - Stopped by Mads Sogaard without a rebound.
11:45 of 2nd period - Cole Bardreau wins face-off versus Isaac Ratcliffe in Wolf Pack zone.
13:35 of 2nd period - Shot by Luke Witkowski.
13:35 of 2nd period - Shot Misses the Net.
13:37 of 2nd period - Shot by Luke Witkowski.
13:37 of 2nd period - Stopped by Josef Korenar without a rebound.
13:38 of 2nd period - Zac Dalpe wins face-off versus Jacob Nilsson in Moose zone.
13:39 of 2nd period - Shot by Michael Kapla.
13:39 of 2nd period - Stopped by Josef Korenar without a rebound.
13:40 of 2nd period - Jacob Nilsson wins face-off versus Zac Dalpe in Moose zone.
13:59 of 2nd period - Brad Richardson is hit by Jake Virtanen.
14:00 of 2nd period - Icing by Brad Richardson.
14:01 of 2nd period - Zac Dalpe wins face-off versus Jordan Martinook in Wolf Pack zone.
14:35 of 2nd period - Shot by Tyler Steenbergen.
14:35 of 2nd period - Shot Blocked by Michael Kapla.
14:37 of 2nd period - Shot by Remi Elie.
14:37 of 2nd period - Goal by Remi Elie - Wolf Pack : 2 - Moose : 5.
14:38 of 2nd period - Jacob Nilsson wins face-off versus Joe Thornton in neutral zone.
14:38 of 2nd period - Jacob Nilsson is hit by Luke Witkowski.
14:52 of 2nd period - Shot by Jake Virtanen.
14:52 of 2nd period - Stopped by Mads Sogaard without a rebound.
14:53 of 2nd period - Shane Bowers wins face-off versus Damien Giroux in Wolf Pack zone.
14:53 of 2nd period - Shane Bowers is hit by Damien Giroux.
16:30 of 2nd period - Minor Penalty to Luke Witkowski for Cross-checking.
16:31 of 2nd period - Jacob Nilsson wins face-off versus Zac Dalpe in Wolf Pack zone.
16:34 of 2nd period - Shot by Thomas Hickey .
16:34 of 2nd period - Shot Misses the Net.
16:36 of 2nd period - Shot by Fredrik Claesson.
16:36 of 2nd period - Stopped by Mads Sogaard without a rebound.
16:37 of 2nd period - Zac Dalpe wins face-off versus Jacob Nilsson in Wolf Pack zone.
16:50 of 2nd period - Shot by Pierre Engvall.
16:50 of 2nd period - Stopped by Mads Sogaard with a rebound.
17:22 of 2nd period - Shot by Derrick Pouliot.
17:22 of 2nd period - Deflect By Damien Giroux.
17:22 of 2nd period - Stopped by Mads Sogaard without a rebound.
17:23 of 2nd period - Nikita Scherbak wins face-off versus Brad Richardson in Wolf Pack zone.
17:24 of 2nd period - Shot by Derrick Pouliot.
17:24 of 2nd period - Shot Blocked by Santerri Saari.
17:32 of 2nd period - Shot by Damien Giroux.
17:32 of 2nd period - Shot Blocked by Daniel Walcott.
17:42 of 2nd period - Shot by Mathieu Olivier.
17:42 of 2nd period - Deflect By Nikita Scherbak.
17:42 of 2nd period - Stopped by Mads Sogaard without a rebound.
17:43 of 2nd period - Jacob Nilsson wins face-off versus Zac Dalpe in Wolf Pack zone.
18:08 of 2nd period - Shot by Derrick Pouliot.
18:08 of 2nd period - Stopped by Mads Sogaard without a rebound.
18:09 of 2nd period - Brad Richardson wins face-off versus Mathieu Olivier in Wolf Pack zone.
18:18 of 2nd period - Nikita Scherbak is hit by Brad Richardson and loses puck.
19:29 of 2nd period - Kyle Wood is hit by Jordan Martinook and loses puck.
19:58 of 2nd period - Shot by Fredrik Claesson.
19:58 of 2nd period - Shot Misses the Net.
Goals for this period are 1 for Wolf Pack vs 2 for Moose.
Shots for this period are 7 for Wolf Pack vs 18 for Moose.

3rd period


0:01 of 3rd period - Jacob Nilsson wins face-off versus Zac Dalpe in neutral zone.
0:12 of 3rd period - Shot by Matt Donovan.
0:12 of 3rd period - Goal by Matt Donovan - Wolf Pack : 3 - Moose : 5.
0:13 of 3rd period - Damien Giroux wins face-off versus Henri Ikonen in neutral zone.
0:20 of 3rd period - Off-side.
0:21 of 3rd period - Jacob Nilsson wins face-off versus Brad Richardson in neutral zone.
0:28 of 3rd period - Shot by Jake Virtanen.
0:28 of 3rd period - Shot Blocked by Tyler Wotherspoon.
0:54 of 3rd period - Zac Dalpe is hit by Jake Virtanen and loses puck.
1:06 of 3rd period - Icing by Tyler Wotherspoon.
1:07 of 3rd period - Zac Dalpe wins face-off versus Damien Giroux in Wolf Pack zone.
1:13 of 3rd period - Matt Donovan is hit by Cameron Schilling and loses puck.
1:23 of 3rd period - Icing by Damien Giroux.
1:24 of 3rd period - Joe Thornton wins face-off versus Damien Giroux in Moose zone.
1:25 of 3rd period - Shot by Luke Witkowski.
1:25 of 3rd period - Deflect By Joe Thornton.
1:25 of 3rd period - Shot Misses the Net.
1:32 of 3rd period - Nikita Scherbak is hit by Daniel Walcott and loses puck.
1:35 of 3rd period - Shot by Nikita Scherbak.
1:35 of 3rd period - Shot Misses the Net.
1:39 of 3rd period - Shot by Damien Giroux.
1:39 of 3rd period - Stopped by Mads Sogaard without a rebound.
1:40 of 3rd period - Anthony Richard wins face-off versus Cole Bardreau in Wolf Pack zone.
2:49 of 3rd period - Icing by Mathieu Olivier.
2:50 of 3rd period - Damien Giroux wins face-off versus Zac Dalpe in Moose zone.
2:50 of 3rd period - Damien Giroux is hit by Zac Dalpe .
3:04 of 3rd period - Matt Donovan is hit by Mathieu Olivier and loses puck.
3:30 of 3rd period - Mathieu Olivier is hit by Tyler Wotherspoon and loses puck.
4:02 of 3rd period - Luke Witkowski is hit by Jordan Martinook and loses puck.
4:12 of 3rd period - Joe Thornton is hit by Cameron Schilling and loses puck.
4:47 of 3rd period - Off-side.
4:48 of 3rd period - Shane Bowers wins face-off versus Anthony Richard in neutral zone.
5:00 of 3rd period - Minor Penalty to Kyle Wood for High sticking.
5:01 of 3rd period - Zac Dalpe wins face-off versus Jacob Nilsson in Wolf Pack zone.
5:07 of 3rd period - Icing by Jake Virtanen.
5:08 of 3rd period - Jacob Nilsson wins face-off versus Zac Dalpe in Moose zone.
5:18 of 3rd period - Shot by Pierre Engvall.
5:18 of 3rd period - Stopped by Mads Sogaard without a rebound.
5:19 of 3rd period - Damien Giroux wins face-off versus Zac Dalpe in Wolf Pack zone.
5:20 of 3rd period - Shot by Derrick Pouliot.
5:20 of 3rd period - Shot Blocked by Zac Dalpe .
6:13 of 3rd period - Brad Richardson is hit by Mathieu Olivier and loses puck.
6:44 of 3rd period - Dave Gust is hit by Jake Virtanen and loses puck.
7:08 of 3rd period - Shot by Tyler Steenbergen.
7:08 of 3rd period - Shot Misses the Net.
7:16 of 3rd period - Shot by Jordan Martinook.
7:16 of 3rd period - Shot Misses the Net.
7:18 of 3rd period - Shot by Jordan Martinook.
7:18 of 3rd period - Stopped by Mads Sogaard with a rebound.
7:20 of 3rd period - Shot by Tyler Steenbergen.
7:20 of 3rd period - Deflect By Remi Elie.
7:20 of 3rd period - Goal by Remi Elie - Wolf Pack : 3 - Moose : 6.
7:21 of 3rd period - Anthony Richard wins face-off versus Joe Thornton in neutral zone.
7:25 of 3rd period - Anthony Richard is hit by Kyle Wood.
7:55 of 3rd period - Icing by Fredrik Claesson.
7:56 of 3rd period - Jake Virtanen wins face-off versus Shane Bowers in Moose zone.
7:56 of 3rd period - Jake Virtanen is hit by Emile Poirier.
8:05 of 3rd period - Off-side.
8:06 of 3rd period - Jordan Martinook wins face-off versus Zac Dalpe in neutral zone.
8:36 of 3rd period - Dave Gust is hit by Cameron Schilling and loses puck.
9:19 of 3rd period - Shot by Joe Thornton.
9:19 of 3rd period - Shot Misses the Net.
9:26 of 3rd period - Damien Giroux is hit by Daniel Walcott and loses puck.
9:30 of 3rd period - Minor Penalty to Daniel Walcott for Slashing.
9:31 of 3rd period - Jacob Nilsson wins face-off versus Zac Dalpe in Wolf Pack zone.
9:38 of 3rd period - Shot by Jake Virtanen.
9:38 of 3rd period - Stopped by Mads Sogaard without a rebound.
9:39 of 3rd period - Zac Dalpe wins face-off versus Jacob Nilsson in Wolf Pack zone.
9:52 of 3rd period - Shot by Fredrik Claesson.
9:52 of 3rd period - Shot Misses the Net.
10:16 of 3rd period - Tyler Wotherspoon is hit by Jake Virtanen and loses puck.
10:36 of 3rd period - Shot by Mathieu Olivier.
10:36 of 3rd period - Deflect By Damien Giroux.
10:36 of 3rd period - Stopped by Mads Sogaard without a rebound.
10:37 of 3rd period - Damien Giroux wins face-off versus Zac Dalpe in Wolf Pack zone.
10:40 of 3rd period - Shot by Mathieu Olivier.
10:40 of 3rd period - Stopped by Mads Sogaard without a rebound.
10:41 of 3rd period - Damien Giroux wins face-off versus Zac Dalpe in Wolf Pack zone.
10:42 of 3rd period - Shot by Mathieu Olivier.
10:42 of 3rd period - Shot Blocked by Zac Dalpe .
10:44 of 3rd period - Shot by Derrick Pouliot.
10:44 of 3rd period - Shot Blocked by Dave Gust.
10:46 of 3rd period - Shot by Nikita Scherbak.
10:46 of 3rd period - Shot Misses the Net.
10:50 of 3rd period - Shot by Nikita Scherbak.
10:50 of 3rd period - Goal by Nikita Scherbak - Wolf Pack : 3 - Moose : 7.
10:51 of 3rd period - Jordan Martinook wins face-off versus Cole Bardreau in neutral zone.
11:07 of 3rd period - Icing by Michael Kapla.
11:08 of 3rd period - Jacob Nilsson wins face-off versus Cole Bardreau in Wolf Pack zone.
11:31 of 3rd period - Shot by Henri Ikonen.
11:31 of 3rd period - Deflect By Nick Lappin.
11:31 of 3rd period - Shot Blocked by Pierre Engvall.
11:37 of 3rd period - Shot by Cole Bardreau.
11:37 of 3rd period - Stopped by Josef Korenar without a rebound.
11:38 of 3rd period - Damien Giroux wins face-off versus Zac Dalpe in Moose zone.
11:57 of 3rd period - Shot by Nikita Scherbak.
11:57 of 3rd period - Deflect By Damien Giroux.
11:57 of 3rd period - Shot Blocked by Tyler Wotherspoon.
12:18 of 3rd period - Icing by Matt Donovan.
12:19 of 3rd period - Jacob Nilsson wins face-off versus Zac Dalpe in Wolf Pack zone.
12:42 of 3rd period - Shot by Luke Witkowski.
12:42 of 3rd period - Deflect By Jeremy Bracco.
12:42 of 3rd period - Stopped by Josef Korenar with a rebound.
12:45 of 3rd period - Minor Penalty to Fredrik Claesson for Unsportsmanlike conduct.
12:46 of 3rd period - Joe Thornton wins face-off versus Jake Virtanen in Moose zone.
12:47 of 3rd period - Shot by Santerri Saari.
12:47 of 3rd period - Goal by Santerri Saari - Wolf Pack : 4 - Moose : 7.
12:48 of 3rd period - Joe Thornton wins face-off versus Tyler Steenbergen in neutral zone.
13:22 of 3rd period - Shot by Jordan Martinook.
13:22 of 3rd period - Shot Misses the Net.
13:24 of 3rd period - Shot by Remi Elie.
13:24 of 3rd period - Stopped by Mads Sogaard without a rebound.
13:25 of 3rd period - Zac Dalpe wins face-off versus Jacob Nilsson in Wolf Pack zone.
13:25 of 3rd period - Zac Dalpe is hit by Jake Virtanen.
13:38 of 3rd period - Jacob Nilsson is hit by Matt Donovan and loses puck.
13:42 of 3rd period - Pierre Engvall is hit by Matt Donovan and loses puck.
13:45 of 3rd period - Shot by Jake Virtanen.
13:45 of 3rd period - Stopped by Mads Sogaard without a rebound.
13:46 of 3rd period - Shane Bowers wins face-off versus Damien Giroux in Wolf Pack zone.
13:46 of 3rd period - Shane Bowers is hit by Nikita Scherbak.
13:54 of 3rd period - Cameron Schilling is hit by Shane Bowers and loses puck.
14:03 of 3rd period - Shot by Ty Ronning.
14:03 of 3rd period - Shot Blocked by Derrick Pouliot.
14:05 of 3rd period - Shot by Kyle Wood.
14:05 of 3rd period - Shot Blocked by Derrick Pouliot.
14:07 of 3rd period - Shot by Michael Kapla.
14:07 of 3rd period - Stopped by Josef Korenar with a rebound.
14:53 of 3rd period - Shot by Dave Gust.
14:53 of 3rd period - Shot Misses the Net.
15:21 of 3rd period - Santerri Saari is hit by Jake Virtanen and loses puck.
15:25 of 3rd period - Icing by Santerri Saari.
15:26 of 3rd period - Joe Thornton wins face-off versus Jordan Martinook in Wolf Pack zone.
15:55 of 3rd period - Shot by Jordan Martinook.
15:55 of 3rd period - Stopped by Mads Sogaard without a rebound.
15:56 of 3rd period - Cole Bardreau wins face-off versus Anthony Richard in Wolf Pack zone.
15:56 of 3rd period - Cole Bardreau is hit by Isaac Ratcliffe.
16:18 of 3rd period - Shot by Isaac Ratcliffe.
16:18 of 3rd period - Stopped by Mads Sogaard with a rebound.
16:20 of 3rd period - Shot by Anthony Richard.
16:20 of 3rd period - Shot Misses the Net.
16:22 of 3rd period - Shot by Jake Virtanen.
16:22 of 3rd period - Shot Misses the Net.
16:32 of 3rd period - Shot by Henri Ikonen.
16:32 of 3rd period - Stopped by Josef Korenar with a rebound.
18:10 of 3rd period - Off-side.
18:11 of 3rd period - Jacob Nilsson wins face-off versus Shane Bowers in neutral zone.
18:39 of 3rd period - Icing by Wyatte Wylie.
18:40 of 3rd period - Joe Thornton wins face-off versus Jacob Nilsson in Moose zone.
18:42 of 3rd period - Luke Witkowski is hit by Wyatte Wylie.
19:10 of 3rd period - Shot by Joe Thornton.
19:10 of 3rd period - Stopped by Josef Korenar without a rebound.
19:11 of 3rd period - Henri Ikonen wins face-off versus Damien Giroux in Moose zone.
19:21 of 3rd period - Shot by Henri Ikonen.
19:21 of 3rd period - Stopped by Josef Korenar without a rebound.
19:22 of 3rd period - Shane Bowers wins face-off versus Jordan Martinook in Moose zone.
19:29 of 3rd period - Shot by Remi Elie.
19:29 of 3rd period - Stopped by Mads Sogaard without a rebound.
19:30 of 3rd period - Zac Dalpe wins face-off versus Damien Giroux in Wolf Pack zone.
19:30 of 3rd period - Zac Dalpe is hit by Nikita Scherbak.
19:33 of 3rd period - Icing by Dave Gust.
19:34 of 3rd period - Zac Dalpe wins face-off versus Damien Giroux in Wolf Pack zone.
19:34 of 3rd period - Zac Dalpe is hit by Mathieu Olivier.
19:46 of 3rd period - Shot by Brad Richardson.
19:46 of 3rd period - Shot Hit the Post.
19:48 of 3rd period - Shot by Tyler Wotherspoon.
19:48 of 3rd period - Stopped by Josef Korenar without a rebound.
19:49 of 3rd period - Joe Thornton wins face-off versus Jordan Martinook in Moose zone.
19:55 of 3rd period - Derrick Pouliot is hit by Daniel Walcott and loses puck.
Goals for this period are 2 for Wolf Pack vs 2 for Moose.
Shots for this period are 9 for Wolf Pack vs 13 for Moose.